 Dungeon Sprint DCSS version 0.31-a0-986-g5e6e4ef867 (webtiles) character file.

Game seed: 8102299142653448452

2530 dialectric the Ninja (level 9, -15/42 HPs)
             Began as a Spriggan Brigand on Nov 12, 2023.
             Was a Believer of Dithmenos.
             Shot with an arrow by a centaur warrior (18 damage)
             ... in the Dungeon (Sprint I: "Red Sonja").
             The game lasted 00:03:29 (542 turns).

dialectric the Ninja (Spriggan Brigand)              Turns: 542, Time: 00:03:30

Health: -15/42     AC:  3    Str:  7    XL:     9   Next: 29%
Magic:  10/10      EV: 22    Int: 10    God:    Dithmenos [**....]
Gold:   456        SH:  0    Dex: 25    Spells: 8/8 levels left

rFire   . . .        a - +2 dagger
rCold   . . .        (no shield)
rNeg    . . .        b - +0 robe
rPois   .            (helmet restricted)
rElec   .            c - +0 cloak
rCorr   .            (gloves unavailable)
SInv    +            (boots unavailable)
Will    +....        (no amulet) Stlth ***+++++++
                     o - +6 ring of dexterity
HPRegen 0.27/turn    (no ring)
MPRegen 0.12/turn

%: no teleportation
@: wreathed by umbra, very quick
A: very small, no large weapons, unfitting armour, see invisible, speed 3, dopey
1, weak 1
a: Renounce Religion, Shadow Step


You were in the Dungeon.
You worshipped Dithmenos.
Dithmenos was pleased with you.
You visited 1 branch You collected 924 gold pieces.
You spent 468 gold pieces at shops.

Inventory:

Hand Weapons
 a - a +2 dagger (weapon)
 j - a +1 short sword of distortion
Missiles
 d - 9 poisoned darts
 e - 4 curare-tipped darts (quivered)
Armour
 b - a +0 robe (worn)
 c - a +0 cloak (worn)
Jewellery
 o - a +6 ring of dexterity (left hand)
Wands
 l - a wand of flame (8)
Scrolls
 k - 2 scrolls of blinking
 m - a scroll of torment {unknown}
 n - a scroll of brand weapon {unknown}
Potions
 f - 4 potions of curing
 g - a potion of heal wounds
 h - a potion of haste
 i - 2 potions of magic


   Skills:
 - Level 2.1 Fighting
 + Level 9.8 Short Blades
 - Level 2.5 Throwing
 + Level 6.0 Dodging
 O Level 27 Stealth
 + Level 4.9 Evocations


You had 8 spell levels left.
You didn't know any spells.
Your spell library was empty.

Dungeon Overview and Level Annotations

Branches:
Dungeon (1/1)

Altars:
Cheibriados
Dithmenos
Elyvilon
Fedhas
Gozag
Hepliaklqana
Kikubaaqudgha
Makhleb
Nemelex Xobeh
Okawaru
Qazlal
Ru
Sif Muna
Trog
Uskayaw
Vehumet
Wu Jian
Xom
Yredelemnul
Zin
The Shining One
Jiyva
Lugonu

Shops:
D =:[


Innate Abilities, Weirdness & Mutations

You are very small and have problems with some larger weapons.
You are too small for most types of armour.
You have supernaturally acute eyesight. (SInv)
You cover ground extremely quickly. (Speed+++)
You are dopey. (Int -2)
You are weak. (Str -2)


Message History

Things that are here:
a +0 hand axe; a +0 robe; a kobold corpse
d - 8 poisoned darts (gained 1)
There is a radiant altar of Vehumet here.
d - 9 poisoned darts (gained 1)
There is an open door here.
Things that are here:
a +0 hand axe; a +0 robe; a kobold corpse
There is an open door here.
There is an open door here.
You see here a +0 dagger.
You see here a +0 leather armour.
You open the door.
A hornet comes into view.
There is an open door here.
You enter the shallow water.
Moving in this stuff is going to be slow.
The centaur warrior shouts!
You hear an angry buzzing noise.
The centaur warrior hits you!
The centaur warrior kicks you but does no damage.
The centaur warrior shouts!
The centaur warrior closely misses you.
The centaur warrior kicks you but does no damage.
The centaur warrior barely misses you. The centaur warrior kicks you.
The centaur warrior completely misses you.
The centaur warrior barely misses you. The centaur warrior hits you!
* * * LOW HITPOINT WARNING * * *
The centaur warrior kicks you.
* * * LOW HITPOINT WARNING * * *
You enter the shallow water.
Moving in this stuff is going to be slow.
The centaur warrior hits you!
* * * LOW HITPOINT WARNING * * *
The centaur warrior kicks you but does no damage.
The centaur warrior wields a +0 orcbow.
The centaur warrior shoots an arrow.
The arrow barely misses you.
There is an open door, spattered with blood here.
The centaur warrior wields a +0 shortbow.
The centaur warrior shoots an arrow.
The arrow hits you!!
You die...

<.#.)'..#.)'..#__#..+ss.#
..'..#.)'..#..'..)..#...#
..#####+#####'#__####...s.s#
..#### #...#[####).#####.s+
..#__####..##§#~§§§§#..# ##
..#_____##'#_§'§§c§§'..#
⌠⌠#_.∩..÷'..._#§§cy§#..#
###_..__##_.#'##'#### '#
#_____###)#.#(@[.### +
###########.####'###.##
∩........'...'.....'.∩#
##++++####...##########
.......####.###
G......G#.#'#.#
..#..G..#.....#
G..G...G#..[..#
..G..#..#######


You could see 2 centaur warriors.

Vanquished Creatures
  Sonja (D)
  A deep troll (D)
  2 kobold demonologists (D)
  2 glass eyes (D)
  Sigmund (D)
  A slime creature (D)
  A yak (D)
  An ogre (D)
  A jelly (D)
  Ijyb (D)
  A ballistomycete spore (D)
13 creatures vanquished.

Vanquished Creatures (others)
  A ballistomycete spore (D)
1 creature vanquished.

Grand Total: 14 creatures vanquished

Notes
Turn   | Place    | Note
-------+----------+-------------------------------------------
     0 | D        | dialectric the Spriggan Brigand began the quest for the
                  | Orb.
     0 | D        | Reached XP level 1. HP: 10/10 MP: 2/2
     2 | D        | Noticed Ijyb
     4 | D        | Killed Ijyb
     5 | D        | Reached skill level 9 in Stealth
     5 | D        | Reached XP level 2. HP: 15/15 MP: 3/3
     9 | D        | Noticed an ogre
    11 | D        | Killed an ogre
    12 | D        | Reached skill level 13 in Stealth
    12 | D        | Reached XP level 3. HP: 18/18 MP: 4/4
    12 | D        | Reached XP level 4. HP: 23/23 MP: 5/5
    14 | D        | Noticed Sigmund
    16 | D        | Killed Sigmund
    17 | D        | Reached skill level 17 in Stealth
    17 | D        | Reached XP level 5. HP: 26/26 MP: 6/6
    28 | D        | Found a shimmering blue altar of Sif Muna.
    29 | D        | Found an ornate altar of the Wu Jian Council.
    30 | D        | Found a radiant altar of Vehumet.
    35 | D        | Reached skill level 18 in Stealth
    35 | D        | Reached XP level 6. HP: 30/30 MP: 7/7
    48 | D        | Found Gelomydd's Book Emporium.
    48 | D        | Found an ancient bone altar of Kikubaaqudgha.
    48 | D        | Found a hazy altar of Hepliaklqana.
    48 | D        | Found a hide-covered altar of Uskayaw.
    48 | D        | Found a basalt altar of Yredelemnul.
    48 | D        | Found an opulent altar of Gozag.
    48 | D        | Found a snail-covered altar of Cheibriados.
    48 | D        | Found a sacrificial altar of Ru.
    48 | D        | Found a shadowy altar of Dithmenos.
    48 | D        | Noticed a yak
    49 | D        | Found a stormy altar of Qazlal.
    49 | D        | Found a blossoming altar of Fedhas.
    49 | D        | Found a bloodstained altar of Trog.
    49 | D        | Found an iron altar of Okawaru.
    49 | D        | Found a glowing golden altar of the Shining One.
    49 | D        | Found a glowing silver altar of Zin.
    49 | D        | Found a white marble altar of Elyvilon.
    50 | D        | Killed a yak
    51 | D        | Reached skill level 5 in Short Blades
    51 | D        | Reached skill level 20 in Stealth
    51 | D        | Found a sparkling altar of Nemelex Xobeh.
    57 | D        | Became a worshipper of Dithmenos the Shadowed
    84 | D        | Found a burning altar of Makhleb.
    84 | D        | Found a shimmering altar of Xom.
    84 | D        | Noticed a slime creature
    85 | D        | Found a viscous altar of Jiyva.
    85 | D        | Found a corrupted altar of Lugonu.
    87 | D        | Killed a slime creature
    88 | D        | Reached skill level 21 in Stealth
    88 | D        | Reached XP level 7. HP: 35/35 MP: 8/8
   100 | D        | Noticed a kobold demonologist
   101 | D        | Noticed a glass eye
   101 | D        | Noticed a kobold demonologist
   207 | D        | Killed a glass eye
   208 | D        | Reached skill level 22 in Stealth
   220 | D        | Noticed a centaur warrior
   220 | D        | Noticed a centaur warrior
   237 | D        | Noticed a chaos spawn
   243 | D        | Killed a kobold demonologist
   243 | D        | Reached * piety under Dithmenos
   244 | D        | Reached skill level 23 in Stealth
   244 | D        | Reached XP level 8. HP: 39/39 MP: 9/9
   249 | D        | Noticed a demonic crawler
   249 | D        | Noticed a demonic crawler
   249 | D        | Noticed a demonic crawler
   249 | D        | Noticed a demonic crawler
   267 | D        | Noticed Sonja
   271 | D        | Killed Sonja
   272 | D        | Reached skill level 25 in Stealth
   283 | D        | Noticed a deep troll
   307 | D        | Killed a deep troll
   308 | D        | Reached skill level 26 in Stealth
   308 | D        | Reached skill level 1 in Evocations
   308 | D        | Reached XP level 9. HP: 30/42 MP: 10/10
   327 | D        | Noticed an orange demon
   332 | D        | Noticed a sun demon
   332 | D        | Killed a kobold demonologist
   332 | D        | Reached ** piety under Dithmenos
   333 | D        | Reached skill level 5 in Dodging
   333 | D        | Reached skill level 27 in Stealth
   345 | D        | Found Qeunowup's Armour Emporium.
   487 | D        | Found Xuuluwk's Jewellery Boutique.
   495 | D        | Bought a +6 ring of dexterity for 468 gold pieces
   497 | D        | Noticed a shining eye
   497 | D        | Noticed a shining eye
   497 | D        | Noticed a shining eye
   498 | D        | Noticed a shining eye
   498 | D        | Noticed a shining eye
   498 | D        | Noticed a shining eye
   500 | D        | Noticed a shining eye
   500 | D        | Noticed a shining eye
   503 | D        | Gained mutation: You are weak. (Str -2) [a shining eye]
   503 | D        | Gained mutation: You are dopey. (Int -2) [a shining eye]
   542 | D        | Shot with an arrow by a centaur warrior

Illustrated notes

Levels and vault maps discovered:
D:        dungeon_sprint_1 [red_sonja_temple_1, red_sonja_temple_small_1]

Skill      XL: |  1  2  3  4  5  6  7  8  9 |
---------------+----------------------------+-----
Fighting       | 2 |  2.1
Stealth        | 9 13 17 18 21 23 26 27 | 27.0
Short Blades   | 3 4 5 7 8 9 |  9.8
Dodging        | 2 3 4 6 |  6.0
Evocations     | 1 4 |  4.9
Throwing       | |  2.5

Action                     |  1- 3 |  4- 6 |  7- 9 || total
---------------------------+-------+-------+-------++-------
  Melee: Dagger            |     2 |     4 |    78 ||    84
  Throw: Dart              |       |       |     9 ||     9
  Evoke: Wand              |       |       |    10 ||    10
    Use: Potion            |       |       |     1 ||     1
   Stab: Sleeping          |     2 |     4 |     3 ||     9
 Armour: Robe              |       |       |    20 ||    20
  Dodge: Dodged            |       |       |    18 ||    18

Table legend: (Time is in decaauts)
 A = Elapsed time spent in this place.
 B = Non-inter-level travel time spent in this place.
 C = Inter-level travel time spent in this place.
 D = Time resting spent in this place.
 E = Time spent auto-exploring this place.
 F = Levels seen in this place.
 G = Mean time per level.
                   A        B        C        D        E       F      G
               +--------+--------+--------+--------+--------+-----+--------+
         Total |    425 |    425 |      0 |     98 |      0 |   1 |  425.0 |
       Dungeon |    425 |    425 |      0 |     98 |      0 |   1 |  425.0 |
               +--------+--------+--------+--------+--------+-----+--------+

Top non-repeatable levels by time:
       D: 425 daAuts
